 Dungeon Sprint DCSS version 0.17-a0-1197-g2d00c63 (webtiles) character file.

39 Kidiri the Sneak (level 3, 0/19 HPs)
             Began as a Spriggan Assassin on June 2, 2015.
             Was a Follower of Dithmenos.
             Succumbed to a worker ant's poison
             ... in the Dungeon (Sprint VII: "The Pits").
             The game lasted 00:02:33 (273 turns).

Kidiri the Sneak (Spriggan Assassin)                 Turns: 273, Time: 00:02:33

Health: 0/19       AC:  3    Str:  7    XL:     3   Next: 26%
Magic:  4/4        EV: 19    Int: 12    God:    Dithmenos [*.....]
Gold:   0          SH:  0    Dex: 18    Spells: 0 memorised, 2 levels left

rFire  . . .     SeeInvis +     a - +2 dagger
rCold  . . .     Clarity  .     c - +0 robe
rNeg   . . .     SustAt   .     (shield restricted)
rPois  .         Gourm    .     (helmet restricted)
rElec  .         Spirit   .     d - +0 cloak
rCorr  .         Warding  .     (gloves unavailable)
rMut   .         NoTele   +     (boots unavailable)
MR     .....                    (no amulet)
Stlth  +++++.....               (no ring)
                                (no ring)

@: lethally poisoned (0 -> -1), wreathed by umbra, very quick, not resistant to
hostile enchantments, quite stealthy
A: unfitting armour, see invisible, herbivore 3, speed 3, slow metabolism 2
a: Renounce Religion


You were in the Dungeon.
You worshipped Dithmenos.
Dithmenos was aware of your devotion.
You were not hungry.

You visited 1 branch

Inventory:

Hand weapons
 a - a +2 dagger (weapon)
 b - a +0 blowgun
Missiles
 e - 8 poisoned needles
 f - 2 curare-tipped needles
Armour
 c - a +0 robe (worn)
 d - a +0 cloak (worn)
Scrolls
 m - a scroll of blinking
 p - 3 scrolls of remove curse
 q - 5 scrolls of amnesia
 r - a scroll of summoning
Potions
 i - a potion of heal wounds
 j - a potion of haste
 k - 4 potions of magic
 l - 3 potions of berserk rage
 o - 2 potions of invisibility
Comestibles
 g - 8 bread rations
 n - 40 fruits


   Skills:
 * Level 2.7 Fighting
 * Level 2.6 Short Blades
 * Level 3.7 Throwing
 + Level 0.9 Armour
 * Level 4.0 Dodging
 * Level 7.1 Stealth
 + Level 1.2 Invocations


You had 2 spell levels left.
You didn't know any spells.

Dungeon Overview and Level Annotations

Branches:
Dungeon (1/1)

Altars:
Ashenzari
Cheibriados
Dithmenos
Elyvilon
Fedhas
Gozag
Kikubaaqudgha
Makhleb
Nemelex Xobeh
Okawaru
Qazlal
Ru
Sif Muna
Trog
Vehumet
Xom
Yredelemnul
Zin
The Shining One
Beogh
Jiyva
Lugonu


Innate Abilities, Weirdness & Mutations

You are tiny and cannot use many weapons and most armour.
You have supernaturally acute eyesight.
You are a herbivore.
You cover ground extremely quickly.
You need consume almost no food.


Message History

You feel sick.
* * * LOW HITPOINT WARNING * * *
You feel sick.
The worker ant waves its antennae.
* * * LOW HITPOINT WARNING * * *
You feel sick.
You open the huge gate.
There is a huge open gate leading to the Armoury (Hard) here.
A vampire mosquito comes into view.
There is a huge open gate here.
A swamp drake comes into view.
* * * LOW HITPOINT WARNING * * *
You feel sick.
A vampire mosquito comes into view.
The vampire mosquito buzzes angrily.
The vampire mosquito buzzes angrily.
You completely miss the vampire mosquito.
The vampire mosquito closely misses you.
You hit the vampire mosquito but do no damage.
You die...

#####++##########
............##..#
..#..#......##..#
............''..#
..........S.aS..########
..#..#...a..##..........
............##..@yyk....
#####++#################
...# ...# ...# ...# ...#
...# ...#


You could see a swamp drake, a water moccasin, 2 vampire mosquitoes and a worker
ant.

Vanquished Creatures
  A worker ant (D)
  An adder (D)
  A giant eyeball (D)
  A giant newt (D)
  A quokka skeleton (D)
5 creatures vanquished.

Notes
Turn   | Place    | Note
--------------------------------------------------------------
     0 | D        | Kidiri the Spriggan Assassin began the quest for the Orb.
     0 | D        | Reached XP level 1. HP: 10/10 MP: 2/2
    15 | D        | Paralysed by a giant eyeball for 4 turns
    24 | D        | Paralysed by a giant eyeball for 3 turns
    44 | D        | Found a sacrificial altar of Ru.
    44 | D        | Found a basalt altar of Yredelemnul.
    44 | D        | Found a shadowy altar of Dithmenos.
    44 | D        | Found a deep blue altar of Sif Muna.
    44 | D        | Found a burning altar of Makhleb.
    44 | D        | Found a shimmering altar of Xom.
    44 | D        | Found an ancient bone altar of Kikubaaqudgha.
    44 | D        | Found a sparkling altar of Nemelex Xobeh.
    45 | D        | Found a glowing golden altar of the Shining One.
    45 | D        | Found a bloodstained altar of Trog.
    45 | D        | Found a shattered altar of Ashenzari.
    45 | D        | Found a white marble altar of Elyvilon.
    45 | D        | Found a snail-covered altar of Cheibriados.
    45 | D        | Found a blossoming altar of Fedhas.
    45 | D        | Found a radiant altar of Vehumet.
    45 | D        | Found a glowing silver altar of Zin.
    45 | D        | Found a corrupted altar of Lugonu.
    45 | D        | Found a viscous altar of Jiyva.
    45 | D        | Found a roughly hewn altar of Beogh.
    45 | D        | Found an iron altar of Okawaru.
    48 | D        | Became a worshipper of Dithmenos the Shadowed
    52 | D        | Found a stormy altar of Qazlal.
    52 | D        | Found an opulent altar of Gozag.
    99 | D        | Paralysed by a giant eyeball for 2 turns
   102 | D        | Reached skill level 1 in Short Blades
   102 | D        | Reached skill level 6 in Stealth
   117 | D        | Reached XP level 2. HP: 13/15 MP: 3/3
   174 | D        | Noticed a worker ant
   179 | D        | Killed a worker ant
   179 | D        | Reached skill level 7 in Stealth
   179 | D        | Reached skill level 1 in Invocations
   179 | D        | Reached XP level 3. HP: 17/19 MP: 4/4
   215 | D        | Noticed a worker ant
   216 | D        | Noticed a water moccasin
   231 | D        | Paralysed by a giant eyeball for 3 turns
   266 | D        | Noticed a vampire mosquito
   267 | D        | Noticed a swamp drake
   268 | D        | Noticed a vampire mosquito
   273 | D        | Succumbed to a worker ant's poison

Vault maps used:
D:        pitsprint

Action                   || total
-------------------------++-------
Melee: Dagger            ||    26
  Use: Potion            ||     1
 Stab: Sleeping          ||     3
